 Dungeon Crawl Stone Soup version 0.26.0-10-g1f06aea511 (webtiles) character file.

Game seed: 12057353095455658166

95 inc the Vexing (level 4, -3/18 HPs)
             Began as a Felid Enchanter on Feb 2, 2021.
             Was an Initiate of Okawaru.
             Slain by Duvessa
             ... wielding a +0 short sword
              (8 damage)
             ... on level 4 of the Dungeon.
             The game lasted 00:05:09 (4490 turns).

inc the Vexing (Felid Enchanter)                    Turns: 4490, Time: 00:05:10

Health: -3/18      AC:  1    Str:  4    XL:     4   Next: 40%
Magic:  1/8        EV: 18    Int: 17    God:    Okawaru [......]
Gold:   96         SH:  0    Dex: 16    Spells: 1/7 levels left
                                        Lives:  0   Deaths: 1

rFire    . . .     SeeInvis +     - Unarmed
rCold    . . .     Faith    .   (shield unavailable)
rNeg     . . .     Spirit   .   (armour unavailable)
rPois    .         Reflect  .   (helmet unavailable)
rElec    .         Harm     .   (cloak unavailable)
rCorr    .         Rampage  .   (gloves unavailable)
Will     .....                  (boots unavailable)
Stlth    +++.......             (no amulet)
HPRegen  0.06/turn              (no ring)
MPRegen  0.11/turn              (no ring)

@: quick
A: very small, no armour, no weapons or thrown items, stealth, claws 1, fangs 3,
see invisible, speed 1, shaggy fur 1, sharp paws
a: Renounce Religion


You were on level 4 of the Dungeon.
You worshipped Okawaru.
Okawaru was noncommittal.
You visited 1 branch of the dungeon, and saw 4 of its levels.

You collected 96 gold pieces.

Inventory:

Scrolls
 a - a scroll of enchant weapon {unknown}
 c - 3 scrolls of remove curse {unknown}
 d - a scroll of identify {unknown}
 f - 4 scrolls of teleportation {unknown}
 i - a scroll of enchant armour {unknown}
Potions
 b - a potion of heal wounds {unknown}
 e - a potion of brilliance {unknown}
 g - a potion of might {unknown}
 h - a potion of lignification {unknown}


   Skills:
 - Level 2.6 Dodging
 - Level 4.0 Stealth
 - Level 3.7 Unarmed Combat
 - Level 2.0 Spellcasting
 + Level 6.2 Hexes


You had one spell level left.
You knew the following spells:

 Your Spells              Type           Power        Failure   Level
a - Tukima's Dance        Hex            23%          4%          3
b - Ensorcelled Hibernat  Hex/Ice        24%          9%          2
i - Corona                Hex            25%          1%          1

Your spell library contained the following spells:

 Spells                   Type           Power        Failure   Level
 Shock                    Conj/Air       4%           19%         1
 Confusing Touch          Hex            23%          4%          3
 Dazzling Flash           Conj/Hex       24%          16%         3
 Swiftness                Air            1%           28%         2
 Static Discharge         Conj/Air       1%           50%         3
 Airstrike                Air            0%           88%         4
 Lightning Bolt           Conj/Air       0%           99%         5


Dungeon Overview and Level Annotations

Branches:
Dungeon (4/15)
 Temple: D:4-7

Altars:
Fedhas
Kikubaaqudgha
Okawaru

Annotations:
D:2 Sigmund
D:4 Dowan, Duvessa


Innate Abilities, Weirdness & Mutations

You cannot wear armour.
You are incapable of wielding weapons or throwing items.
Your paws allow you to move quietly. (Stealth)
You have sharp claws.
You have razor-sharp teeth.
You have supernaturally acute eyesight. (SInv)
You cover ground quickly.
You are covered in fur. (AC +1)
Your sharp claws are effective at attacking unaware monsters.


Message History

Duvessa gestures with her weapon.
Duvessa closely misses you. Duvessa hits you with a +0 short sword.
Dowan whispers, "It won't be long now."
Dowan casts a spell.
Dowan blinks!
Dowan barely misses you.
There is a shaft here.
Duvessa hits you with a +0 short sword!
Ouch! That really hurt!
* * * LOW HITPOINT WARNING * * *
Dowan mumbles some strange words.
Dowan blinks!
Casting: Ensorcelled Hibernation (safe; 9% risk of failure)
Confirm with . or Enter, or press ? or * to list all spells.
Aiming: Ensorcelled Hibernation (safe; 9% risk of failure)
Press: ? - help, Shift-Dir - straight line, f/p - Duvessa
Aim: Duvessa, wielding a +0 short sword and wearing a +0 leather armour (fast, chance to affect: 26%) Duvessa resists with almost no effort.
Duvessa closely misses you. Duvessa hits you with a +0 short sword!
You die...

.# # ##############.#. ..
##########......._...##.#...###
.............^.e@...†+.......>.
#+########....§......##.#.....###
#...........##.#.......
#.....................
#..............#.#.#.#.
#......................
#............#...#.#.#
#..........e....†#.#
#..................#


You could see Duvessa (fast) and Dowan.

Vanquished Creatures
  An orc wizard (D:3)
  A worker ant (D:4)
  3 adders
  2 worms (D:2)
  3 leopard geckos
  An orc (D:3)
  2 giant cockroaches
  7 goblins
  6 hobgoblins (D:1)
  4 jackals (D:2)
  3 kobolds
  A ball python (D:1)
  7 bats
  4 frilled lizards
  3 rats
48 creatures vanquished.

Vanquished Creatures (others)
  A ball python (D:1)
1 creature vanquished.

Grand Total: 49 creatures vanquished

Notes
Turn   | Place    | Note
-------+----------+-------------------------------------------
     0 | D:1      | inc the Felid Enchanter began the quest for the Orb.
     0 | D:1      | Reached XP level 1. HP: 7/7 MP: 4/4
   295 | D:1      | Reached XP level 2. HP: 11/11 MP: 6/6
  1318 | D:2      | Learned a level 2 spell: Ensorcelled Hibernation
  2019 | D:1      | Reached XP level 3. HP: 14/14 MP: 7/7
  2104 | D:1      | Learned a level 3 spell: Tukima's Dance
  2556 | D:2      | Found an iron altar of Okawaru.
  2683 | D:2      | Became a worshipper of Warmaster Okawaru
  2981 | D:2      | You fall into a shaft and drop 1 floor!
  3389 | D:2      | Noticed Sigmund
  3905 | D:3      | Reached XP level 4. HP: 15/18 MP: 0/8
  3927 | D:3      | Found an ancient bone altar of Kikubaaqudgha.
  3951 | D:3      | Killed from afar by an orc wizard
  3952 | D:3      | Reached XP level 3. HP: -5/14 MP: 1/7
  3980 | D:3      | Reached skill level 5 in Hexes
  4408 | D:4      | Reached XP level 4. HP: 18/18 MP: 5/8
  4433 | D:4      | Found a blossoming altar of Fedhas.
  4442 | D:4      | Reached skill level 6 in Hexes
  4474 | D:4      | Noticed Duvessa
  4480 | D:4      | Noticed Dowan
  4490 | D:4      | Slain by Duvessa

Illustrated notes

Levels and vault maps discovered:
D:1:      dpeg_arrival_stone_temple_mockup, layout_loops_corners,
          lemuel_flame_loot_1
D:2:      layout_loops_ring, lemuel_doored_altar, fedhas_altar_4, uniq_natasha,
          uniq_sigmund
D:3:      layout_basic, general_overflow_altar,
          chequers_temple_overflow_minitemple
D:4:      layout_basic, overflow_temple_1_default, ebering_ghost_rock_garden,
          uniq_pikel, uniq_menkaure, uniq_duvessa

Skill      XL: |  1  2  3  4 |
---------------+-------------+-----
Unarmed Combat | 2 3 |  3.7
Hexes          | 5 6 |  6.2
Dodging        | |  2.6
Stealth        | |  4.0
Spellcasting   | |  2.0

Action                   |  1- 3 |  4- 6 || total
-------------------------+-------+-------++-------
Melee: Unarmed           |   117 |     4 ||   121
       Bite              |     6 |       ||     6
       Punch             |     1 |       ||     1
 Cast: Corona            |     3 |       ||     3
       Ensorcelled Hiber |    56 |     7 ||    63
 Stab: Sleeping          |    35 |     2 ||    37
Armor: Skin              |    11 |       ||    11
Dodge: Dodged            |   107 |     7 ||   114
